 Dungeon Crawl Stone Soup version 0.31.0-11-ge490571c62 (webtiles) character file.

Game seed: 9754278272866682833

323 qw the Skirmisher (level 6, -1/35 HPs)
             Began as a Deep Elf Hunter on Feb 4, 2024.
             Succumbed to a water moccasin's poison
             ... on level 5 of the Dungeon.
             The game lasted 00:00:09 (3040 turns).

qw the Skirmisher (Deep Elf Hunter)                 Turns: 3040, Time: 00:00:10

Health: -1/35      AC:  7    Str: 10    XL:     6   Next: 23%
Magic:  8/8        EV: 11    Int: 14    God:
Gold:   170        SH:  0    Dex: 18    Spells: 5/5 levels left

rFire   + . .        a - +0 shortbow
rCold   . . .        (shield currently unavailable)
rNeg    . . .        b - +0 ring mail
rPois   .            m - +0 helmet
rElec   .            o - +0 cloak
rCorr   .            (no gloves)
SInv    .            (no boots)
Will    .....        (no amulet)
Stlth   +            f - ring of protection from fire
HPRegen 0.25/turn    h - +4 ring of slaying {mikee}
MPRegen 0.11/turn

%: no passive effects
@: lethally poisoned (-1 -> -7)
A: no striking features
a: no special abilities


You were on level 5 of the Dungeon.
You visited 1 branch of the dungeon, and saw 5 of its levels.

You collected 170 gold pieces.


   Skills:
 - Level 2.1 Fighting
 + Level 9.4 Ranged Weapons
 - Level 1.0 Armour
 - Level 2.4 Dodging
 - Level 1.2 Stealth


You had 5 spell levels left.
You didn't know any spells.
Your spell library was empty.

Inventory:

Hand Weapons
 a - a +0 shortbow (weapon)
Armour
 b - a +0 ring mail (worn)
 m - a +0 helmet (worn)
 o - a +0 cloak (worn)
Jewellery
 f - a ring of protection from fire (left hand)
 h - a +4 ring of slaying (right hand) {mikee}
Wands
 d - a wand of charming (9)
Potions
 i - a potion of enlightenment
 j - a potion of curing
 k - a potion of haste {unknown}

Dungeon Overview and Level Annotations

Branches:
Dungeon (5/15)
 Temple: D:4-7

Altars:
Elyvilon
Fedhas
Vehumet

Annotations:
D:3 2 transporters, qw's ghost, amateur DEHu


Message History

The arrow misses the water moccasin.
The gnoll hits you but does no damage.
You shoot an arrow. The arrow hits the gnoll!
You kill the gnoll!
You shoot an arrow.
The arrow completely misses the water moccasin.
The water moccasin bites you. x2
You are poisoned.
The water moccasin poisons you!
You shoot an arrow.
The arrow completely misses the water moccasin.
You feel very sick. The water moccasin misses you.
You shoot an arrow. The arrow hits the water moccasin!
The water moccasin is moderately wounded.
You feel very sick. The water moccasin barely misses you.
The water moccasin closely misses you.
You shoot an arrow.
The arrow closely misses the water moccasin.
You feel sick. The water moccasin bites you.
You are more poisoned.
The water moccasin poisons you!
3036 ||| DRINKING potion of heal wounds.
You feel much better.
You feel very sick. The water moccasin bites you.
The water moccasin closely misses you.
You shoot an arrow. The arrow hits the water moccasin!
The water moccasin is severely wounded.
You feel very sick. The water moccasin misses you.
You shoot an arrow.
The arrow barely misses the water moccasin.
You feel very sick. The water moccasin bites you.
You shoot an arrow.
The arrow barely misses the water moccasin.
You feel sick. The water moccasin misses you. The water moccasin bites you.
You shoot an arrow. The arrow hits the water moccasin.
The water moccasin is severely wounded.
You die...

#..# #..# .)..
#.. #.. #)#
#S# #@# ##.#
#..# #..#
###..# #.#..#
#....#
###..#######..
#..........#


You could see a water moccasin.

Vanquished Creatures
  An ogre (D:4)
  2 hounds (D:4)
  An orc wizard (D:4)
  4 gnolls (D:5)
  3 adders
  2 ribbon worms
  3 dart slugs (D:1)
  3 orcs (D:4)
  7 ball pythons
  A bat (D:2)
  12 endoplasms
  3 giant cockroaches
  5 goblins
  7 hobgoblins
  2 jackals (D:4)
  2 quokkas
  4 frilled lizards
  5 kobolds
  6 rats
73 creatures vanquished.

Notes
Turn   | Place    | Note
-------+----------+-------------------------------------------
     0 | D:1      | qw the Deep Elf Hunter began the quest for the Orb.
     0 | D:1      | Reached XP level 1. HP: 12/12 MP: 3/3
     0 | D:1      | 0 ||| qw: Version: 0.3-a-160-g6735b56
     0 | D:1      | 0 ||| qw: Game counter: 5541
     0 | D:1      | 0 ||| qw: Melee chars always use a shield: true
     0 | D:1      | 0 ||| qw: God list: Okawaru
     0 | D:1      | 0 ||| qw: Allow faded altars: false
     0 | D:1      | 0 ||| qw: Do Orc after clearing Dungeon:15 true
     0 | D:1      | 0 ||| qw: Do second Lair branch before Depths: true
     0 | D:1      | 0 ||| qw: Lair rune preference: random
     0 | D:1      | 0 ||| qw: Goals: Normal
     0 | D:1      | 0 ||| PLANNING D:1-11
    61 | D:1      | Reached skill level 6 in Ranged Weapons
    61 | D:1      | Reached XP level 2. HP: 13/16 MP: 4/4
   435 | D:1      | Reached XP level 3. HP: 20/20 MP: 5/5
   628 | D:1      | 628 ||| UPGRADING to ring of protection from fire.
   629 | D:1      | 629 ||| DROPPING +6 ring of intelligence.
   630 | D:1      | 630 ||| READING scroll labelled GEABRE GURY.
   731 | D:1      | 731 ||| READING scroll labelled SEWIPR OQEZ.
   736 | D:1      | 736 ||| READING scroll labelled FOPREB JIT.
   737 | D:1      | 737 ||| DROPPING scroll of butterflies.
   893 | D:2      | Found a white marble altar of Elyvilon.
   905 | D:2      | Reached skill level 7 in Ranged Weapons
  1088 | D:2      | Reached XP level 4. HP: 25/25 MP: 6/6
  1351 | D:2      | 1351 ||| READING scroll labelled NUKHEU PIMUDO.
  1352 | D:2      | 1352 ||| READING scroll labelled ITSICIH GEPSUS.
  1453 | D:2      | 1453 ||| DRINKING 2 black potions.
  1454 | D:2      | 1454 ||| DROPPING potion of attraction.
  1665 | D:3      | Found a radiant altar of Vehumet.
  1713 | D:3      | Found a transporter.
  1773 | D:3      | Found a transporter.
  1773 | D:3      | Noticed qw's ghost (amateur DEHu)
  1986 | D:3      | 1986 ||| UPGRADING to +0 ring mail.
  1996 | D:3      | 1996 ||| DROPPING +0 leather armour.
  1997 | D:3      | 1997 ||| UPGRADING to +0 helmet.
  2002 | D:3      | 2002 ||| UPGRADING to +0 cloak.
  2007 | D:3      | 2007 ||| UPGRADING to +4 ring of slaying {mikee}.
  2008 | D:3      | 2008 ||| READING scroll labelled QEOF WUAXA.
  2008 | D:3      | 2008 ||| IDENTIFYING viscous cyan potion
  2009 | D:3      | 2009 ||| DRINKING 4 fizzy clear potions.
  2032 | D:3      | 2032 ||| DROPPING potion of berserk rage.
  2033 | D:3      | 2033 ||| DROPPING 3 potions of lignification.
  2157 | D:4      | Reached skill level 8 in Ranged Weapons
  2510 | D:4      | Found a blossoming altar of Fedhas.
  2679 | D:4      | Noticed an ogre
  2683 | D:4      | Killed an ogre
  2684 | D:4      | Reached skill level 9 in Ranged Weapons
  2684 | D:4      | Reached XP level 5. HP: 29/29 MP: 7/7
  2844 | D:4      | Reached XP level 6. HP: 35/35 MP: 8/8
  2845 | D:4      | Reached skill level 1 in Armour
  2941 | D:4      | 2941 ||| READING 4 scrolls of identify.
  2941 | D:4      | 2941 ||| IDENTIFYING orange potion
  2942 | D:4      | 2942 ||| READING 3 scrolls of identify.
  2942 | D:4      | 2942 ||| IDENTIFYING fizzy grey potion
  2943 | D:4      | 2943 ||| READING 2 scrolls of identify.
  2943 | D:4      | 2943 ||| IDENTIFYING sedimented yellow potion
  2944 | D:4      | 2944 ||| READING scroll of identify.
  2944 | D:4      | 2944 ||| IDENTIFYING smoky brown potion
  2945 | D:4      | 2945 ||| READING scroll labelled ISALEA KUKH.
  2946 | D:4      | 2946 ||| READING scroll labelled NAWYARHEICW.
  2947 | D:4      | 2947 ||| DROPPING potion of ambrosia.
  2981 | D:5      | Entered Level 5 of the Dungeon
  3022 | D:5      | Noticed a water moccasin
  3035 | D:5      | HP: 6/35 [water moccasin (3)]
  3036 | D:5      | 3036 ||| DRINKING potion of heal wounds.
  3039 | D:5      | HP: 1/35 [water moccasin (6)]
  3040 | D:5      | Succumbed to a water moccasin's poison

Levels and vault maps discovered:
D:1:      mainiacjoe_arrival_reflecting_pool, layout_loops_ring
D:2:      layout_basic, basic_altar, minivault_24, st_stairs_14
D:3:      layout_loops_ring, nicolae_vehumet_altar_sigil, gammafunk_ghost_arena
D:4:      layout_loops_corners, fedhas_altar_4, chequers_serial_rivers_large_b,
          kennysheep_generic_room_7
D:5:      layout_basic, lemuel_temple_firewalk_b, serial_shops,
          nicolae_shop_stone, nicolae_diamond_shop, item_on_display_a,
          uniq_sigmund

Skill      XL: |  1  2  3  4  5  6 |
---------------+-------------------+-----
Ranged Weapons | 6 7 9 |  9.4
Fighting       | 2 |  2.1
Armour         | 1 |  1.0
Dodging        | |  2.4
Stealth        | |  1.2

Action                     |  1- 3 |  4- 6 || total
---------------------------+-------+-------++-------
   Fire: Shortbow          |   116 |    78 ||   194
    Use: Scroll            |     3 |     9 ||    12
         Potion            |       |     3 ||     3
 Armour: Leather armour    |     8 |     1 ||     9
         Ring mail         |       |    11 ||    11
  Dodge: Dodged            |    10 |    13 ||    23

Table legend:
 A = Non-vault XP
 B = Vault XP
 C = Vault XP percentage of total XP
 D = Non-vault monster count
 E = Vault monster count
 F = Vault count percentage of total count
                 A         B        C        D         E       F
            +---------+---------+-------+---------+---------+-------
      Total |     416 |      46 |  10.0 |      70 |       3 |   4.1
            +---------+---------+-------+---------+---------+-------
        D:1 |      44 |       0 |   0.0 |      23 |       0 |   0.0
        D:2 |      57 |       4 |   6.6 |      25 |       2 |   7.4
        D:3 |       8 |       0 |   0.0 |       4 |       0 |   0.0
        D:4 |     248 |      42 |  14.5 |      14 |       1 |   6.7
        D:5 |      59 |       0 |   0.0 |       4 |       0 |   0.0
            +---------+---------+-------+---------+---------+-------
